 Dungeon Crawl Stone Soup version 0.31-a0-231-g51bb95cda3 (webtiles) character file.

Game seed: 14242295735026779748

226 qw the Shooter (level 5, -7/45 HPs)
             Began as a Minotaur Hexslinger on July 6, 2023.
             Killed from afar by an orc wizard (9 damage)
             ... with a puff of flame
             ... on level 2 of the Dungeon.
             The game lasted 00:00:41 (1780 turns).

qw the Shooter (Minotaur Hexslinger)                Turns: 1780, Time: 00:00:41

Health: -7/45      AC:  3    Str: 13    XL:     5   Next: 69%
Magic:  5/5        EV: 12    Int: 10    God:
Gold:   54         SH:  0    Dex: 14    Spells: 5/6 levels left

rFire   . . .        Y - +1 sling
rCold   . . .        (no shield)
rNeg    . . .        f - +0 leather armour
rPois   .            (helmet restricted)
rElec   .            (no cloak)
rCorr   .            (no gloves)
SInv    .            (no boots)
Will    .....        (no amulet)
Stlth   +            (no ring)
HPRegen 0.27/turn    (no ring)
MPRegen 0.09/turn

%: no passive effects
@: confused
A: horns 2, retaliatory headbutt
a: no special abilities


You were on level 2 of the Dungeon.
You visited 1 branch of the dungeon, and saw 3 of its levels.

You collected 54 gold pieces.


Innate Abilities, Weirdness & Mutations

You have a pair of horns on your head.
You reflexively headbutt those who attack you in melee.


   Skills:
 + Level 3.2 Fighting
 - Level 6.0 Ranged Weapons
 - Level 2.1 Dodging
 - Level 1.0 Spellcasting
 - Level 2.0 Hexes


You had 5 spell levels left.
You knew the following spells:

 Your Spells              Type           Power      Damage    Failure   Level
a - Slow                  Hex            16%        N/A       19%         1

Your spell library contained the following spells:

 Spells                   Type           Power      Damage    Failure   Level
 Inner Flame              Hex/Fire       2%         N/A       65%         3
 Portal Projectile        Hex/Tloc       4%         N/A       65%         3
 Cause Fear               Hex            2%         N/A       88%         4

Inventory:

Hand Weapons
 Y - a +1 sling (weapon)
Armour
 f - a +0 leather armour (worn)
Scrolls
 a - a scroll of identify
Potions
 c - a potion of berserk rage {unknown}
 d - a potion of enlightenment {unknown}
 e - a potion of haste {unknown}
 h - a potion of might

Dungeon Overview and Level Annotations

Branches:
Dungeon (3/15)

Altars:


Message History

Something hits you.
You shoot a sling bullet. Something hits you but does no damage.
You shoot a sling bullet.
You hear some strange, mumbled words.
You are confused.
You shoot a sling bullet.
You hear some strange, mumbled words.
Something tries to affect you, but you resist.
You shoot a sling bullet. Something hits you but does no damage.
You shoot a sling bullet. Something completely misses you.
You shoot a sling bullet. Something hits you.
You shoot a sling bullet. Something hits you.
You shoot a sling bullet.
You feel less confused. Something hits you.
You hear some strange, mumbled words.
You are confused.
You shoot a sling bullet. Something hits you.
You shoot a sling bullet.
An orc wizard appears from thin air!
Reactivating autopickup.
The orc wizard hits you with a +0 dagger.
The orc wizard hits you with a +0 dagger.
The orc wizard gestures at you while chanting.
The magic dart hits you!
The orc wizard gestures at you while chanting.
You are more confused.
The orc wizard hits you but does no damage.
The orc wizard gestures at you while chanting.
You are more confused.
The orc wizard hits you but does no damage.
The orc wizard points at you and mumbles some strange words.
The puff of flame hits you!
You die...

.##.######.###..###............#
.##..................#####....##
..#######..###..###.## ####.# #.#
####..##...# #.# #.# #.#
#.....##.#.###.# #.# #.#
#.###........<.# #.# #.####.#
#..##..###.# #.# #......#
#..##.(###.# #.#
######.###.....)@o..# #.# ##
#.##.....>####.# #.#
.#####.##:.....## #.# #.#
)#.....>........# #.# #.##
.......##.......# #.# #..#
.#.######.......# #.# ##.#
......)####.##..# #.# ##.##
.#####.# #.##..###.#########...#
.#####.####.##................#.#


You could see an orc wizard.

Vanquished Creatures
  Sigmund (D:2)
  Jessica (D:2)
  An adder (D:2)
  5 orcs
  6 bats
  An endoplasm (D:2)
  2 giant cockroaches
  4 hobgoblins
  2 jackals (D:2)
  2 quokkas
  3 ball pythons
  3 frilled lizards (D:2)
  3 goblins
  3 kobolds
  A rat (D:1)
38 creatures vanquished.

Notes
Turn   | Place    | Note
-------+----------+-------------------------------------------
     0 | D:1      | qw the Minotaur Hexslinger began the quest for the Orb.
     0 | D:1      | Reached XP level 1. HP: 16/16 MP: 1/1
     0 | D:1      | 0 ||| qw: Version: 0.3-a-46-gb1f654a
     0 | D:1      | 0 ||| qw: Game counter: 1847
     0 | D:1      | 0 ||| qw: Melee chars always use a shield: true
     0 | D:1      | 0 ||| qw: God list: Okawaru
     0 | D:1      | 0 ||| qw: Allow faded altars: false
     0 | D:1      | 0 ||| qw: Do Orc after clearing Dungeon:15 true
     0 | D:1      | 0 ||| qw: Do second Lair branch before Depths: true
     0 | D:1      | 0 ||| qw: Lair rune preference: random
     0 | D:1      | 0 ||| qw: Goals: Normal
     0 | D:1      | 0 ||| PLANNING D:1-11
   307 | D:1      | Reached skill level 3 in Ranged Weapons
   462 | D:1      | Reached XP level 2. HP: 23/23 MP: 2/2
   580 | D:1      | 580 ||| UPGRADING to +0 leather armour.
   590 | D:1      | 590 ||| DROPPING +0 robe.
   591 | D:1      | 591 ||| READING scroll labelled RUPOCRIOGI.
   592 | D:1      | 592 ||| READING scroll labelled NOUWONEMIRGH.
   593 | D:1      | 593 ||| DRINKING 2 silvery potions.
   594 | D:1      | 594 ||| DROPPING scroll of poison.
   643 | D:2      | Noticed Jessica
   654 | D:2      | Killed Jessica
   655 | D:2      | Reached skill level 3 in Fighting
   655 | D:2      | Reached XP level 3. HP: 12/31 MP: 3/3
   759 | D:2      | Noticed Sigmund
   777 | D:2      | Killed Sigmund
   778 | D:2      | Reached skill level 5 in Ranged Weapons
   778 | D:2      | Reached XP level 4. HP: 11/38 MP: 4/4
   778 | D:2      | Reached XP level 5. HP: 14/45 MP: 5/5
  1359 | D:2      | Identified the +6 short sword of Subterfuge {elec, Dex+3}
  1514 | D:2      | 1514 ||| READING scroll labelled EBELULEXUTS.
  1517 | D:2      | 1517 ||| READING scroll labelled PUZUWA SAMEF.
  1618 | D:2      | 1618 ||| READING 2 scrolls of identify.
  1618 | D:2      | 1618 ||| IDENTIFYING smoky brown potion
  1619 | D:2      | 1619 ||| DROPPING potion of lignification.
  1643 | D:3      | 1643 ||| STAIRDANCE
  1697 | D:3      | 1697 ||| STAIRDANCE
  1704 | D:2      | Reached skill level 6 in Ranged Weapons
  1742 | D:3      | 1742 ||| STAIRDANCE
  1772 | D:2      | HP: 11/45 [something (2)]
  1775 | D:2      | HP: 1/45 [orc wizard/magic dart (8)]
  1780 | D:2      | Killed from afar by an orc wizard

Levels and vault maps discovered:
D:1:      minmay_arrival_four_circles, layout_basic
D:2:      layout_loops_ring, uniq_sigmund, uniq_jessica
D:3:      minmay_chambers_of_twos, layout_basic,
          mainiacjoe_overflow_tiny_flanked, mainiacjoe_overflow_paths,
          uniq_robin

Skill      XL: |  1  2  3  4  5 |
---------------+----------------+-----
Ranged Weapons | 3 5 6 |  6.0
Fighting       | 3 |  3.2
Dodging        | |  2.1
Spellcasting   | |  1.0
Hexes          | |  2.0

Action                     |  1- 3 |  4- 6 || total
---------------------------+-------+-------++-------
   Fire: Sling             |    69 |    93 ||   162
    Use: Scroll            |     2 |     3 ||     5
         Potion            |     1 |       ||     1
 Armour: Robe              |     4 |       ||     4
         Leather armour    |     6 |    34 ||    40
  Dodge: Dodged            |    32 |    50 ||    82

Table legend:
 A = Non-vault XP
 B = Vault XP
 C = Vault XP percentage of total XP
 D = Non-vault monster count
 E = Vault monster count
 F = Vault count percentage of total count
                 A         B        C        D         E       F
            +---------+---------+-------+---------+---------+-------
      Total |      73 |     251 |  77.5 |      36 |       2 |   5.3
            +---------+---------+-------+---------+---------+-------
        D:1 |      15 |       0 |   0.0 |      10 |       0 |   0.0
        D:2 |      53 |     251 |  82.6 |      24 |       2 |   7.7
        D:3 |       5 |       0 |   0.0 |       2 |       0 |   0.0
            +---------+---------+-------+---------+---------+-------
